 Dungeon Crawl Stone Soup version 0.19-a0-1091-g463c9de (webtiles) character file.

77 4thArraOfDagon the Vexing (level 4, 0/41 HPs)
             Began as a Troll Arcane Marksman on Aug 7, 2016.
             Was an Initiate of Dithmenos.
             Slain by an iguana (14 damage)
             ... on level 4 of the Dungeon.
             The game lasted 00:03:27 (603 turns).

4thArraOfDagon the Vexing (Troll Arcane Marksman)    Turns: 603, Time: 00:03:28

Health: 0/41       AC:  5    Str: 19    XL:     4   Next: 14%
Magic:  4/4        EV:  7    Int: 10    God:    Dithmenos [......]
Gold:   51         SH:  7    Dex:  9    Spells: 1 memorised, 4 levels left

rFire  . . .     SeeInvis .       - Unarmed
rCold  . . .     Gourm    +     a - +0 robe
rNeg   . . .     Faith    .     j - +0 shield
rPois  .         Spirit   .     (helmet restricted)
rElec  .         Dismiss  .     (no cloak)
rCorr  .         Reflect  .     (gloves unavailable)
SustAt .         Harm     .     (boots unavailable)
MR     .....                    (no amulet)
Stlth  +.........               (no ring)
                                (no ring)

@:
A: unfitting armour, claws 3, fast metabolism 3, gourmand, regeneration 2,
shaggy fur 1, tough skin 2
a: Renounce Religion


You were on level 4 of the Dungeon.
You worshipped Dithmenos.
Dithmenos was noncommittal.
You were not hungry.

You visited 2 branches of the dungeon, and saw 6 of its levels.

You collected 51 gold pieces.

Inventory:

Missiles
 c - 8 large rocks
 d - a throwing net (quivered)
Armour
 a - a +0 robe (worn)
 j - a +0 shield (worn)
Scrolls
 e - a scroll of magic mapping {unknown}
 g - a scroll of remove curse {unknown}
 h - 3 scrolls of identify {unknown}
 k - a scroll of teleportation {unknown}
 m - a scroll of fear {unknown}
Potions
 n - a potion of magic {unknown}
 o - a potion of lignification {unknown}
Books
 b - a book of Debilitation

   Spells                             Type                      Level
   a - Corona                         Hexes                        1
   b - Slow                           Hexes                        2
   c - Gell's Gravitas                Hexes/Translocation          3
   d - Inner Flame                    Hexes/Fire                   3
   e - Cause Fear                     Hexes                        4
   f - Leda's Liquefaction            Hexes/Earth                  4
Comestibles
 f - 5 bread rations
 i - a royal jelly
 l - a meat ration


   Skills:
 + Level 1.3 Fighting
 - Level 2.0 Throwing
 + Level 2.0 Dodging
 * Level 1.0 Shields
 * Level 1.1 Unarmed Combat
 - Level 1.0 Spellcasting
 - Level 2.4 Hexes


You had 4 spell levels left.
You knew the following spells:

 Your Spells              Type           Power        Failure   Level  Hunger
a - Corona                Hex            #......      77%         1    ##.....


Dungeon Overview and Level Annotations

Branches:
Dungeon (5/15)             Temple (1/1) D:5

Altars:
Ashenzari
Cheibriados
Dithmenos
Elyvilon
Fedhas
Gozag
Hepliaklqana
Kikubaaqudgha
Makhleb
Nemelex Xobeh
Okawaru
Pakellas
Qazlal
Ru
Sif Muna
Trog
Uskayaw
Vehumet
Zin
The Shining One


Innate Abilities, Weirdness & Mutations

You are too large for most types of armour.
You have claws for hands.
Your metabolism is lightning-fast.
You like to eat raw meat.
You heal very quickly.
You are covered in fur. (AC +1)
You have very tough skin. (AC +2)


Message History

Unknown command.
The iguana hisses menacingly.
Found 9 arrows and a wooden ring.
You closely miss the iguana.
The iguana is severely wounded.
The iguana closely misses you.
You scratch the iguana.
The iguana is almost dead.
The iguana barely misses you.
You barely miss the iguana.
The iguana is almost dead.
The iguana bites you!
* * * LOW HITPOINT WARNING * * *
You barely miss the iguana.
The iguana is almost dead.
The iguana completely misses you.
Your shield prevents you from hitting the iguana.
The iguana is almost dead.
The iguana bites you!
You die...

#.## ##.(=# ##....#
##.[...# .?.....
......# .....# #.#
....#
#....###.###.###...#
#?.... .......@lw..#
#....###.###.####..#
#.....##.# #.# #..#
#....# #.# #.# #<.#
#..>w###.###.# #..#
#..#.##...##.####..##
#..#.##.#...........#
#......w..####.####.#
#.##.....#####.# #.#


You could see a worm and an iguana.

Vanquished Creatures
  A worker ant (D:4)
  3 gnolls (D:5)
  A giant gecko (D:5)
  4 orcs (D:5)
  A ball python (D:5)
  A giant cockroach (D:5)
  2 goblins (D:3)
  2 hobgoblins (D:2)
  3 jackals (D:5)
  A giant newt (D:1)
  A kobold (D:2)
  A rat (D:2)
21 creatures vanquished.

Notes
Turn   | Place    | Note
-------+----------+-------------------------------------------
     0 | D:1      | 4thArraOfDagon the Troll Arcane Marksman began the quest for the Orb.
     0 | D:1      | Reached XP level 1. HP: 18/18 MP: 1/1
   143 | D:3      | Noticed Terence
   208 | D:4      | Noticed an iguana
   222 | D:4      | Noticed a worker ant
   264 | D:4      | Killed a worker ant
   264 | D:4      | Reached skill level 1 in Fighting
   264 | D:4      | Reached XP level 2. HP: 7/27 MP: 2/2
   264 | D:4      | Reached XP level 3. HP: 9/33 MP: 3/3
   290 | D:5      | Entered Level 5 of the Dungeon
   344 | D:5      | Found a staircase to the Ecumenical Temple.
   421 | Temple   | Entered the Ecumenical Temple
   454 | Temple   | Became a worshipper of Dithmenos the Shadowed
   492 | D:5      | Reached skill level 1 in Unarmed Combat
   501 | D:5      | Reached XP level 4. HP: 41/41 MP: 4/4
   507 | D:5      | Reached skill level 1 in Shields
   603 | D:4      | Slain by an iguana

Vault maps used:
D:1:      sevenhm_arrival_forest_fort_small_5
D:2:      minivault_24, uniq_robin, uniq_sigmund
D:3:      uniq_terence
D:4:      st_stairs_7, minmay_ogre_servants
D:5:      first_bread, kennysheep_pointless_box
Temple:   grunt_wide_crystal_templ

Skill      XL: |  1  2  3  4 |
---------------+-------------+-----
Throwing       | 2 |  2.0
Fighting       | 1 |  1.3
Dodging        | 2 |  2.0
Unarmed Combat | 1 |  1.1
Shields        | 1 |  1.0
Spellcasting   | |  1.0
Hexes          | |  2.4

Action                   |  1- 3 |  4- 6 || total
-------------------------+-------+-------++-------
Melee: Unarmed           |    75 |    31 ||   106
Throw: Throwing net      |     2 |       ||     2
  Use: Potion            |     3 |       ||     3
 Stab: Held in net/web   |     1 |       ||     1
  Eat: Chunk             |     3 |     2 ||     5
Armor: Robe              |    42 |    21 ||    63
Dodge: Dodged            |    38 |    21 ||    59
Block: Shield            |     6 |    11 ||    17
